 Dungeon Crawl Stone Soup version 0.29-a0-982-gaed3a0c8d8 (webtiles) character file.

Game seed: 5800959155268316878

65 spaghetti the Skirmisher (level 4, -3/32 HPs)
             Began as a Gnoll Wanderer on Aug 1, 2022.
             Was a Believer of Zin.
             Slain by Robin
             ... wielding a +0 mace
              (6 damage)
             ... on level 3 of the Dungeon.
             The game lasted 00:03:05 (1182 turns).

spaghetti the Skirmisher (Gnoll Wanderer)           Turns: 1182, Time: 00:03:06

Health: -3/32      AC:  2    Str:  8    XL:     4   Next: 14%
Magic:  8/8        EV: 13    Int: 10    God:    Zin [**....]
Gold:   70         SH:  0    Dex: 18    Spells: 9/9 levels left

rFire   . . .      SeeInvis .     - Unarmed
rCold   . . .      Faith    .   (no shield)
rNeg    . . .      Spirit   .   f - +0 robe
rPois   .          Reflect  .   (no helmet)
rElec   .          Harm     .   (no cloak)
rCorr   .          Rampage  .   (no gloves)
Will    .....                   (no boots)
Stlth   ++........              (no amulet)
HPRegen 0.10/turn               (no ring)
MPRegen 0.11/turn               (no ring)

@: no status effects
A: fangs 1, strong nose, distributed training
a: Renounce Religion, Recite, Vitalisation, Donate Gold


You were on level 3 of the Dungeon.
You worshipped Zin.
Zin was pleased with you.
You visited 1 branch of the dungeon, and saw 3 of its levels.

You collected 77 gold pieces.
You donated 7 gold pieces to Zin.


Innate Abilities, Weirdness & Mutations

You have very sharp teeth.
Your uncanny sense of smell can sniff out nearby items.
Your experience applies equally to all skills.


   Skills:
 + Level 1.1 Fighting
 + Level 1.1 Short Blades
 + Level 6.6 Long Blades
 + Level 1.1 Axes
 + Level 1.1 Maces & Flails
 + Level 1.1 Polearms
 + Level 1.1 Staves
 + Level 8.5 Ranged Weapons
 + Level 2.7 Throwing
 + Level 1.1 Armour
 + Level 2.7 Dodging
 + Level 1.1 Stealth
 + Level 1.1 Shields
 + Level 1.1 Unarmed Combat
 + Level 3.0 Spellcasting
 + Level 0.8 Conjurations
 + Level 0.8 Hexes
 + Level 0.8 Summonings
 + Level 0.8 Necromancy
 + Level 0.8 Translocations
 + Level 0.8 Transmutations
 + Level 0.8 Fire Magic
 + Level 0.8 Ice Magic
 + Level 0.8 Air Magic
 + Level 0.8 Earth Magic
 + Level 0.8 Poison Magic
 + Level 1.2 Invocations
 + Level 1.1 Evocations


You had 9 spell levels left.
You didn't know any spells.
Your spell library contained the following spells:

 Spells                   Type           Power      Damage    Failure   Level
 Foxfire                  Conj/Fire      12%        2x1d4     21%         1
 Conjure Flame            Conj/Fire      3%         6-21      52%         3
 Inner Flame              Hex/Fire       3%         N/A       52%         3
 Flame Wave               Conj/Fire      3%         2d5       89%         4

Inventory:

Hand Weapons
 a - a +0 shortbow {bow}
 b - a +0 falchion {long}
 d - a +0 dagger {short}
Missiles
 c - 23 poisoned darts (quivered) {throwing}
 h - 14 stones {throwing}
 i - 2 boomerangs {throwing}
Armour
 f - a +0 robe (worn)
Magical Staves
 o - a staff of cold {!astaff}
   (You found it on level 2 of the Dungeon)
Jewellery
 g - a ring of see invisible
   (You found it on level 1 of the Dungeon)
Scrolls
 k - 2 scrolls of teleportation {unknown}
 l - 2 scrolls of enchant armour {unknown}
Potions
 e - a potion of haste {@q3}
 m - 3 potions of resistance {unknown}
 n - a potion of attraction {unknown}

Dungeon Overview and Level Annotations

Branches:
Dungeon (3/15) Zot: 16812

Altars:
Vehumet
Zin

Shops:
D:2 !

Annotations:
D:2 1 runed translucent door, Crazy Yiuf
D:3 Robin

## .? #. #.###
.... ..# #)# #
#@# ##. #g#
##...##g#####.#
....g(.).......
##...##)#####.#
##. #.# # #.#
#####.# #.<...#


You could see Robin and a hobgoblin.


Message History

Press: ? - help, Q - select action, (/) - cycle Shift-Dir - straight line, f - goblin
Aim: a goblin, wielding a +0 club (59% to hit)
You shoot an arrow. The arrow closely misses the goblin.
The arrow hits the hobgoblin!
You kill the hobgoblin!
The goblin closely misses you.
Fire: a) +0 shortbow {bow}
Press: ? - help, Q - select action, (/) - cycle Shift-Dir - straight line, f/p - goblin
Aim: a goblin, wielding a +0 club (59% to hit)
You shoot an arrow. The arrow hits the goblin!
You kill the goblin!
Fire: a) +0 shortbow {bow}
Press: ? - help, Q - select action, (/) - cycle Shift-Dir - straight line, f - you That would be overly suicidal.
Okay, then.
Robin roars a battlecry!
The goblins go into a battle-frenzy!
Items here: ))) = ††.
Items here: ))) †.
Fire: a) +0 shortbow {bow}
Press: ? - help, Q - select action, (/) - cycle Shift-Dir - straight line, f - hobgoblin
Aim: a hobgoblin (strong, 65% to hit)
You shoot an arrow. The arrow hits the hobgoblin!
You kill the hobgoblin!
The goblin hits you with a +0 club. 😮 HP[-4]
You take 4 damage, and now have 22/32 hp.
Fire: a) +0 shortbow {bow}
Press: ? - help, Q - select action, (/) - cycle Shift-Dir - straight line, f - goblin
Aim: a goblin, wielding a +0 club (strong, 59% to hit)
You shoot an arrow. The arrow hits the goblin!
You kill the goblin!
Robin throws the goblin at you! The goblin hits you with a +0 club.
Your Spellcasting skill increases to level 3! 😮 HP[-3]
You take 3 damage, and now have 19/32 hp.
Fire: a) +0 shortbow {bow}
Press: ? - help, Q - select action, (/) - cycle Shift-Dir - straight line, f - goblin
Aim: a goblin, wielding a +0 club (strong, 59% to hit)
You shoot an arrow. The arrow closely misses the goblin.
Robin flexes a bicep menacingly.
The goblin closely misses you.
Really attack while wielding your +0 shortbow {bow}? [Y]es or [N]o only, please.
Really attack while wielding your +0 shortbow {bow}? [Y]es or [N]o only, please.
Really attack while wielding your +0 shortbow {bow}? [Y]es or [N]o only, please.
Really attack while wielding your +0 shortbow {bow}? [Y]es or [N]o only, please.
Really attack while wielding your +0 shortbow {bow}?
Okay, then.
The goblin barely misses you. Robin throws the goblin at you!
The goblin barely misses you.
Fire: a) +0 shortbow {bow}
Press: ? - help, Q - select action, (/) - cycle Shift-Dir - straight line, f/p - goblin
Aim: a goblin, wielding a +0 club (strong, 59% to hit)
You shoot an arrow. The arrow hits the goblin.
You kill the goblin!
Fire: a) +0 shortbow {bow}
Press: ? - help, Q - select action, (/) - cycle Shift-Dir - straight line, f - Robin
Aim: Robin, wielding a +0 mace, wearing a +0 animal skin and wearing a +0 helmet (72% to hit)
You shoot an arrow. The arrow barely misses Robin.
The arrow hits the hobgoblin.
You kill the hobgoblin!
Robin hits you with a +0 mace!
* * * LOW HITPOINT WARNING * * *
😨 HP[-7]
You take 7 damage, and now have 12/32 hp.
MASSIVE DAMAGE!! (PAUSE) Fire: a) +0 shortbow {bow}
Press: ? - help, Q - select action, (/) - cycle Shift-Dir - straight line, f/p - Robin
Aim: Robin, wielding a +0 mace, wearing a +0 animal skin and wearing a +0 helmet (72% to hit)
You shoot an arrow. The arrow hits Robin!
Robin hits you with a +0 mace.
* * * LOW HITPOINT WARNING * * *
😨 HP[-3]
You take 3 damage, and now have 9/32 hp.
It was a potion of lignification.
Zin protects your body from unnatural transformation!
You feel woody for a moment.
Robin barely misses you. 😨 HP[+1] Unknown command.
You are now empty-handed.
You barely miss Robin. You bite Robin, but do no damage.
Robin hits you with a +0 mace.
* * * LOW HITPOINT WARNING * * *
😱 HP[-6]
You take 6 damage, and now have 4/32 hp.
You hit Robin but do no damage. Robin hits you with a +0 mace.
* * * LOW HITPOINT WARNING * * *
😱 HP[-1]
You take 1 damage, and now have 3/32 hp.
You barely miss Robin. Robin closely misses you.
You hit Robin but do no damage. Robin closely misses you.
You hit Robin but do no damage. Robin closely misses you.
You hit Robin but do no damage. You bite Robin, but do no damage.
The hobgoblin no longer looks unusually strong.
Robin hits you with a +0 mace.
You die...

Skill      XL: |  1  2  3  4 |
---------------+-------------+-----
Invocations    | 1 |  1.2
Fighting       | 1 |  1.1
Short Blades   | 1 |  1.1
Axes           | 1 |  1.1
Maces & Flails | 1 |  1.1
Polearms       | 1 |  1.1
Staves         | 1 |  1.1
Armour         | 1 |  1.1
Stealth        | 1 |  1.1
Shields        | 1 |  1.1
Unarmed Combat | 1 |  1.1
Evocations     | 1 |  1.1
Spellcasting   | 3 |  3.0
Long Blades    | |  6.6
Ranged Weapons | |  8.5
Throwing       | |  2.7
Dodging        | |  2.7
Conjurations   | |  0.8
Hexes          | |  0.8
Summonings     | |  0.8
Necromancy     | |  0.8
Translocations | |  0.8
Transmutations | |  0.8
Fire Magic     | |  0.8
Ice Magic      | |  0.8
Air Magic      | |  0.8
Earth Magic    | |  0.8
Poison Magic   | |  0.8

Action                   |  1- 3 |  4- 6 || total
-------------------------+-------+-------++-------
Melee: Unarmed           |       |     6 ||     6
       Bite              |       |     2 ||     2
 Fire: Shortbow          |    64 |     8 ||    72
Throw: Dart              |     4 |       ||     4
  Use: Potion            |       |     1 ||     1
Armor: Robe              |     5 |     1 ||     6
Dodge: Dodged            |    12 |     8 ||    20

Levels and vault maps discovered:
D:1:      eino_arrival_water_star, layout_rooms, basic_ecumenical_altar,
          nicolae_kite_square_tiling_tiny
D:2:      layout_rooms, serial_shops, shop_statue, basic_altar,
          uniq_crazy_yiuf_cottage
D:3:      layout_loops_corners, mainiacjoe_overflow_alcove_4, uniq_robin

Notes
Turn   | Place    | Note
-------+----------+-------------------------------------------
     0 | D:1      | spaghetti the Gnoll Wanderer began the quest for the Orb.
     0 | D:1      | spaghetti set off with the following items: a +0 shortbow
                  | {bow}, a +0 falchion {long}, 12 poisoned darts {throwing},
                  | a +0 dagger {short}, a potion of haste {@q3}, a +0 robe.
     0 | D:1      | Reached XP level 1. HP: 13/13 MP: 4/4
     0 | D:1      | magus.rc [v1.9.6]
   289 | D:1      | Reached XP level 2. HP: 19/19 MP: 5/5
   425 | D:1      | Found a faded altar of an unknown god.
   433 | D:1      | Prayed at the altar of an unknown god.
   433 | D:1      | Became a worshipper of Zin the Law-Giver
   433 | D:1      | Reached * piety under Zin
   652 | D:2      | Reached XP level 3. HP: 25/25 MP: 7/7
   684 | D:2      | You pick up a book of Flames and begin reading...
   684 | D:2      | You add the spells Foxfire, Conjure Flame, Inner Flame and
                  | Flame Wave to your library.
   754 | D:2      | Reached skill level 1 in Invocations
   876 | D:2      | Found a runed translucent door.
   877 | D:2      | Noticed Crazy Yiuf
   906 | D:2      | Found Virchore's Distillery.
   955 | D:2      | Found a radiant altar of Vehumet.
  1030 | D:2      | Reached ** piety under Zin
  1106 | D:3      | Reached skill level 1 in Fighting
  1106 | D:3      | Reached skill level 1 in Short Blades
  1106 | D:3      | Reached skill level 1 in Axes
  1106 | D:3      | Reached skill level 1 in Maces & Flails
  1106 | D:3      | Reached skill level 1 in Polearms
  1106 | D:3      | Reached skill level 1 in Staves
  1106 | D:3      | Reached skill level 1 in Armour
  1106 | D:3      | Reached skill level 1 in Stealth
  1106 | D:3      | Reached skill level 1 in Shields
  1106 | D:3      | Reached skill level 1 in Unarmed Combat
  1106 | D:3      | Reached skill level 1 in Evocations
  1151 | D:3      | Noticed Robin
  1162 | D:3      | Reached XP level 4. HP: 26/32 MP: 8/8
  1168 | D:3      | Reached skill level 3 in Spellcasting
  1177 | D:3      | HP: 4/32 [Robin/+0 mace (6)]
  1182 | D:3      | Slain by Robin

Vanquished Creatures
  3 adders
  An orc (D:3)
  2 ball pythons
  3 endoplasms
  A giant cockroach (D:2)
  10 goblins
  4 hobgoblins
  3 jackals (D:1)
  A quokka (D:2)
  A bat (D:1)
  3 frilled lizards
  A kobold (D:1)
  A rat (D:2)
34 creatures vanquished.

Table legend:
 A = Non-vault XP
 B = Vault XP
 C = Vault XP percentage of total XP
 D = Non-vault monster count
 E = Vault monster count
 F = Vault count percentage of total count
                 A         B        C        D         E       F
            +---------+---------+-------+---------+---------+-------
      Total |      75 |      19 |  20.2 |      24 |      10 |  29.4
            +---------+---------+-------+---------+---------+-------
        D:1 |      15 |       0 |   0.0 |       9 |       0 |   0.0
        D:2 |      44 |       0 |   0.0 |      13 |       0 |   0.0
        D:3 |      16 |      19 |  54.3 |       2 |      10 |  83.3
            +---------+---------+-------+---------+---------+-------

Illustrated notes

Table legend:
 A = Kills in this place as a percentage of kills in entire the game.
 B = Kills by you in this place as a percentage of kills by you in the entire game.
 C = Kills by friends in this place as a percentage of kills by friends in the entire game.
 D = Other kills in this place as a percentage of other kills in the entire game.
 E = Experience gained in this place as a percentage of experience gained in the entire game.
 F = Experience gained in this place divided by the number of levels of this place that you have seen.
                   A       B       C       D       E      F
               +-------+-------+-------+-------+-------+----------------------
         Total | 100.0 | 100.0 |   N/A |   N/A | 100.0 |  31.3
       Dungeon | 100.0 | 100.0 |   N/A |   N/A | 100.0 |  31.3
               +-------+-------+-------+-------+-------+----------------------

Table legend: (Time is in decaauts)
 A = Elapsed time spent in this place.
 B = Non-inter-level travel time spent in this place.
 C = Inter-level travel time spent in this place.
 D = Time resting spent in this place.
 E = Time spent auto-exploring this place.
 F = Levels seen in this place.
 G = Mean time per level.
                   A        B        C        D        E       F      G
               +--------+--------+--------+--------+--------+-----+--------+
         Total |   1186 |   1120 |     66 |      0 |    971 |   3 |  395.3 |
       Dungeon |   1186 |   1120 |     66 |      0 |    971 |   3 |  395.3 |
               +--------+--------+--------+--------+--------+-----+--------+

Top non-repeatable levels by time:
     D:1: 627 daAuts
     D:2: 478 daAuts
     D:3: 81 daAuts
